 Dungeon Crawl Stone Soup version 0.21.1-1-g345015f (webtiles) character file.

25 Iko the Charmwright (level 2, -8/26 HPs)
             Began as a Deep Dwarf Skald on June 16, 2018.
             Was an Initiate of Cheibriados.
             Killed by divine providence
             ... invoked by an orc priest
              (14 damage)
             ... on level 3 of the Dungeon.
             The game lasted 00:03:54 (293 turns).

Iko the Charmwright (Deep Dwarf Skald)               Turns: 293, Time: 00:03:56

Health: -8/26      AC:  3    Str: 15    XL:     2   Next: 86%
Magic:  0/4        EV: 12    Int: 14    God:    Cheibriados [......]
Gold:   24         SH:  0    Dex: 13    Spells: 4/5 levels left

rFire    . . .     SeeInvis .   a - +0 spear
rCold    . . .     Gourm    .   (no shield)
rNeg     . . .     Faith    .   b - +0 leather armour
rPois    .         Spirit   .   (no helmet)
rElec    .         Reflect  .   (no cloak)
rCorr    .         Harm     .   (no gloves)
MR       .....                  (no boots)
Stlth    +.........             (no amulet)
HPRegen  0.00/turn              (no ring)
MPRegen  0.09/turn              (no ring)

@: infused (expiring), non-regenerating, very slow
A: damage resistance, heal wounds, sense surroundings 1, no regeneration
a: Heal Wounds, Bend Time, Renounce Religion


You were on level 3 of the Dungeon.
You worshipped Cheibriados.
Cheibriados was noncommittal.
You were not hungry.

You visited 1 branch of the dungeon, and saw 3 of its levels.

You collected 24 gold pieces.

Inventory:

Hand Weapons
 a - a +0 spear (weapon)
Armour
 b - a +0 leather armour (worn)
Scrolls
 e - 2 scrolls of amnesia
Books
 c - a book of Battle

   Spells                             Type                      Level
   a - Infusion                       Charms                       1
   b - Shroud of Golubria             Charms/Translocation         2
   c - Song of Slaying                Charms                       2
   d - Spectral Weapon                Hexes/Charms                 3
   e - Regeneration                   Charms/Necromancy            3
Comestibles
 d - 3 rations


   Skills:
 + Level 2.0 Fighting
 + Level 2.0 Polearms
 + Level 1.4 Armour
 + Level 2.4 Dodging
 + Level 2.0 Spellcasting
 + Level 3.1 Charms


You had 4 spell levels left.
You knew the following spells:

 Your Spells              Type           Power        Failure   Level  Hunger
a - Infusion              Chrm           ##..         9%          1    ##.....


Dungeon Overview and Level Annotations

Branches:
Dungeon (3/15)

Altars:
Cheibriados


Innate Abilities, Weirdness & Mutations

You are resistant to damage.
You can heal yourself by infusing magical energy.
You passively map a small area around you.
You do not regenerate.


Message History

Cheibriados appreciates the change of pace.
The orc priest invokes the aid of Beogh against you.
Beogh smites you!
* * * LOW HITPOINT WARNING * * *
You hit the orc!
You kill the orc!
Cheibriados appreciates the change of pace.
Your Fighting skill increases to level 2!
The orc priest calls upon Beogh to heal the orc.
The orc's wounds heal themselves!
You closely miss the orc. The orc hits you but does no damage.
The orc priest looks satisfied for a moment.
You hit the orc.
The orc is severely wounded.
Your magical infusion is running out.
The orc closely misses you.
The orc priest invokes the aid of Beogh against you.
Beogh smites you!
Ouch! That really hurt!
You die...

,
,#.#.......##
.#..........#
,, <
...<..(....+
*..........#
, #.......#
,,, #.....# *
, #..o# #o#
#@# #.# ,
##.## ##...#
* , #....# ,
##...# ,
#######.## ,
, *
.........# ,,
#######.##


You could see an orc priest and an orc.

Vanquished Creatures
  A worm (D:3)
  2 orcs (D:3)
  4 bats
  A giant cockroach (D:1)
  2 goblins (D:3)
  2 hobgoblins
  3 kobolds
  A ball python (D:1)
  3 frilled lizards
  A giant cockroach zombie (D:3)
  A rat (D:3)
21 creatures vanquished.

Notes
Turn   | Place    | Note
-------+----------+-------------------------------------------
     0 | D:1      | Iko the Deep Dwarf Skald began the quest for the Orb.
     0 | D:1      | Reached XP level 1. HP: 19/19 MP: 3/3
     6 | D:1      | Noticed an anaconda
     6 | D:1      | Noticed a black bear
     6 | D:1      | Noticed a wyvern
     7 | D:1      | Noticed an iguana
     7 | D:1      | Noticed a hog
    91 | D:2      | Found a snail-covered altar of Cheibriados.
   106 | D:2      | Reached XP level 2. HP: 10/26 MP: 4/4
   112 | D:2      | Became a worshipper of Cheibriados the Contemplative
   134 | D:3      | Reached skill level 3 in Charms
   293 | D:3      | Killed from afar by an orc priest

Skill      XL: |  1  2 |
---------------+-------+-----
Charms         | 3 |  3.1
Polearms       | 2 |  2.0
Spellcasting   | 2 |  2.0
Fighting       | 2 |  2.0
Armour         | |  1.4
Dodging        | |  2.4

Action                   || total
-------------------------++-------
Melee: Spear             ||    84
 Cast: Infusion          ||     3
 Abil: Heal Wounds       ||     2
  Use: Scroll            ||     2
       Potion            ||     1
Armor: Leather armour    ||    22
Dodge: Dodged            ||    57
